 Dungeon Crawl Stone Soup version 0.19.3-1-g3169bf9 (webtiles) character file.

11169 Messajah the Cleaver (level 11, -9/99 HPs)
             Began as a Minotaur Fighter on Jan 25, 2017.
             Was a High Priest of Okawaru.
             Mangled by a 12-headed hydra (11 damage)
             ... on level 2 of the Lair of Beasts.
             The game lasted 00:47:28 (9275 turns).

Messajah the Cleaver (Minotaur Fighter)             Turns: 9275, Time: 00:47:29

Health: -9/99      AC: 24    Str: 22    XL:     11   Next: 45%
Magic:  8/10       EV: 18    Int:  5    God:    Okawaru [*****.]
Gold:   408        SH:  0    Dex: 16    Spells: 0 memorised, 10 levels left

rFire  . . .     SeeInvis .     P - +0 battleaxe
rCold  . . .     Gourm    +     U - +0 plate armour
rNeg   . . .     Faith    .     (shield currently unavailable)
rPois  .         Spirit   .     (helmet restricted)
rElec  .         Reflect  .     V - +2 cloak
rCorr  .         Harm     .     j - +1 pair of gloves
MR     .....                    X - +0 pair of boots {run}
Stlth  ..........               J - amulet of the gourmand
                                H - +2 ring of evasion
                                m - +4 ring of dexterity

@: heroism, quick
A: retaliatory headbutt, horns 2
a: Heroism, Finesse, Renounce Religion


You were on level 2 of the Lair of Beasts.
You worshipped Okawaru.
Okawaru was extremely pleased with you.
You were very full.

You visited 3 branches of the dungeon, and saw 11 of its levels.

You collected 408 gold pieces.

Inventory:

Hand Weapons
 P - a +0 battleaxe (weapon)
Missiles
 M - 6 javelins (quivered)
Armour
 j - a +1 pair of gloves (worn)
 F - a +1 robe of magic resistance
 U - a +0 plate armour (worn)
 V - a +2 cloak (worn)
 X - a +0 pair of boots of running (worn)
Jewellery
 d - an uncursed ring of flight
 m - a +4 ring of dexterity (left hand)
 s - an uncursed ring of positive energy
 w - an uncursed ring of ice
 z - the ring of the Raven {+Inv rElec rPois rC+ Int-4 Stlth+}
   (You found it on level 1 of the Lair of Beasts)

   [ring of protection from cold]

   It affects your intelligence (-4).
   It protects you from cold.
   It insulates you from electricity.
   It protects you from poison.
   It lets you turn invisible.
   It makes you more stealthy.
 H - a +2 ring of evasion (right hand)
 J - an amulet of the gourmand (around neck)
 Q - a +3 ring of strength
Wands
 c - a wand of random effects (0/48)
 D - a wand of paralysis (7/24)
 G - a wand of flame (8/48)
 S - a wand of acid (9/15)
Scrolls
 a - 2 scrolls of enchant weapon {unknown}
 e - 2 scrolls of noise {unknown}
 g - 6 scrolls of identify {unknown}
 k - 4 scrolls of remove curse {unknown}
 o - a scroll of magic mapping {unknown}
 q - a scroll of teleportation {unknown}
 r - 2 scrolls of recharging {unknown}
 u - a scroll of immolation {unknown}
 v - 2 scrolls of random uselessness {unknown}
 y - a scroll of fear {unknown}
 B - 2 scrolls of fog {unknown}
 C - a scroll of enchant armour {unknown}
 I - a scroll of amnesia {unknown}
Potions
 h - a potion of magic {unknown}
 i - 3 potions of heal wounds {unknown}
 n - 2 potions of cancellation {unknown}
 p - 5 potions of brilliance {unknown}
 t - a potion of lignification {unknown}
 x - 3 potions of invisibility {unknown}
 E - a potion of resistance {unknown}
 K - a potion of beneficial mutation {unknown}
 O - 3 potions of ambrosia {unknown}
 R - a potion of agility {unknown}
 T - 3 potions of degeneration {unknown}
 Y - 3 potions of curing
Miscellaneous
 b - a sack of spiders
Comestibles
 f - 10 bread rations
 l - 9 slices of pizza
 A - 15 fruits
 L - 5 meat rations
 N - 5 beef jerkies


   Skills:
 - Level 10.0(15.0) Fighting
 * Level 12.1(17.1) Axes
 - Level 10.1(15.1) Armour
 - Level 11.3(16.3) Dodging
   Level 3.6(8.6) Shields


You had 10 spell levels left.
You didn't know any spells.

Dungeon Overview and Level Annotations

Branches:
Dungeon (8/15)             Temple (1/1) D:4            Lair (2/6) D:8
  Swamp: Lair:2-4    Shoals: Lair:2-4     Snake: Lair:2-4    Spider: Lair:2-4

Altars:
Cheibriados
Dithmenos
Elyvilon
Fedhas
Gozag
Hepliaklqana
Kikubaaqudgha
Makhleb
Nemelex Xobeh
Okawaru
Qazlal
Ru
Sif Muna
Trog
Uskayaw
Vehumet
Xom
Yredelemnul
Zin
The Shining One

Annotations:
D:6 rock cave with loot!
D:8 GASTRONOK!150!, Gastronok
Lair:1 ICEDRAGON!


Innate Abilities, Weirdness & Mutations

You reflexively headbutt those who attack you in melee.
You have a pair of horns on your head.


Message History

The 11-headed hydra bites you!
* * * LOW HITPOINT WARNING * * *
The 11-headed hydra bites you!
* * * LOW HITPOINT WARNING * * *
The 11-headed hydra barely misses you.
You hack one of the 11-headed hydra's heads off!
The ten-headed hydra grows two more!
You chop the 12-headed hydra into pieces!!!
You headbutt the 12-headed hydra!
The 12-headed hydra is almost dead.
You slash the plant!
The 12-headed hydra bites you but does no damage. x2
The 12-headed hydra bites you.
* * * LOW HITPOINT WARNING * * *
The 12-headed hydra barely misses you.
The 12-headed hydra completely misses you.
The 12-headed hydra barely misses you.
The 12-headed hydra bites you but does no damage.
The 12-headed hydra bites you!
You die...

#...##...##P.....#........
#.........##...##.........
#....#....##....##........
#..............###........
#........###....#.........
#........###..............
#........P#P..............
#........P................
#..รท.....@D....P..........
#...............#.........
#...............##. ......
#.........##....# ......
#........## [...# ......
#.........# ..P# .......
#........## .## ........
#........# #...# .........
#........# #...# .........


You could see a 12-headed hydra.

Vanquished Creatures
  An unseen horror (D:6)
  A hill giant (D:6)
  4 spiny frogs
  2 komodo dragons
  A troll (D:7)
  3 hippogriffs
  Sigmund (D:5)
  A wyvern (Lair:1)
  A human (D:7)
  4 hogs (D:7)
  The ghost of Feta the Chopper, an amateur HOFi (D:4)
  Eustachio (D:6)
  13 yaks
  2 basilisks
  A hungry ghost (D:7)
  5 water moccasins
  Duvessa (D:4)
  2 porcupines (D:8)
  An ice beast (D:6)
  2 orc warriors
  3 ogres
  3 centaurs
  6 crocodiles
  Blork the orc (D:4)
  8 bullfrogs
  A gnoll sergeant (D:7)
  Dowan (D:4)
  2 scorpions
  7 wights (D:7)
  4 crimson imps
  A bullfrog zombie (D:5)
  Crazy Yiuf (D:4)
  2 hounds
  An orc priest (D:6)
  A jelly (D:6)
  2 orc wizards
  2 centaur skeletons
  3 iguanas
  6 worker ants
  Natasha (thrice) (D:2)
  9 gnolls
  2 worker ant zombies
  12 adders
  3 river rats (D:8)
  2 shadow imps
  An ooze (D:5)
  3 dart slugs
  4 worms
  2 leopard geckos
  15 orcs
  3 giant cockroaches
  7 goblins
  12 hobgoblins
  6 jackals
  4 quokkas
  2 ball pythons (D:3)
  10 bats
  6 frilled lizards
  6 kobolds
  A leopard gecko skeleton (D:4)
  A leopard gecko zombie (D:6)
  2 quokka skeletons
  2 quokka zombies (D:6)
  7 rats
228 creatures vanquished.

Vanquished Creatures (others)
  A fungus (Lair:2)
1 creature vanquished.

Grand Total: 229 creatures vanquished

Notes
Turn   | Place    | Note
-------+----------+-------------------------------------------
     0 | D:1      | Messajah the Minotaur Fighter began the quest for the Orb.
     0 | D:1      | Reached XP level 1. HP: 19/19 MP: 0/0
    59 | D:1      | Reached skill level 3 in Axes
    69 | D:1      | Reached XP level 2. HP: 21/26 MP: 1/1
   264 | D:1      | Reached skill level 4 in Axes
   418 | D:1      | Reached XP level 3. HP: 31/31 MP: 2/2
   801 | D:2      | Found a faded altar of an unknown god.
   820 | D:2      | Reached skill level 5 in Axes
   850 | D:2      | Reached XP level 4. HP: 37/39 MP: 3/3
   914 | D:2      | Noticed Natasha
   919 | D:2      | Killed Natasha
  1322 | D:2      | Reached skill level 6 in Axes
  1373 | D:2      | Noticed Natasha
  1381 | D:2      | Killed Natasha
  1381 | D:2      | Reached XP level 5. HP: 41/45 MP: 4/4
  1411 | D:2      | Noticed Natasha
  1414 | D:2      | Killed Natasha
  1713 | D:3      | Reached skill level 7 in Axes
  2067 | D:4      | Reached XP level 6. HP: 12/51 MP: 5/5
  2345 | D:4      | Found a staircase to the Ecumenical Temple.
  2346 | D:4      | Noticed Blork the orc
  2358 | D:4      | Killed Blork the orc
  2358 | D:4      | Reached skill level 1 in Dodging
  2368 | Temple   | Entered the Ecumenical Temple
  2452 | Temple   | Became a worshipper of Warmaster Okawaru
  2746 | D:4      | Noticed Feta's ghost (amateur HOFi)
  2881 | D:5      | Entered Level 5 of the Dungeon
  2888 | D:5      | Reached skill level 8 in Axes
  3063 | D:5      | Reached XP level 7. HP: 60/60 MP: 6/6
  3129 | D:5      | Found a basalt altar of Yredelemnul.
  3642 | D:5      | Reached * piety under Okawaru
  4142 | D:5      | Noticed Sigmund
  4163 | D:5      | Killed Sigmund
  4163 | D:5      | Reached skill level 5 in Armour
  4192 | D:4      | Killed Feta's ghost
  4192 | D:4      | Reached skill level 5 in Fighting
  4240 | D:4      | Reached XP level 8. HP: 66/68 MP: 7/7
  4265 | D:4      | Noticed Duvessa
  4265 | D:4      | Noticed Dowan
  4270 | D:4      | Killed Duvessa
  4277 | D:4      | Killed Dowan
  4277 | D:4      | Reached ** piety under Okawaru
  4339 | D:4      | Found a glowing silver altar of Zin.
  4354 | D:4      | Noticed an angel
  4354 | D:4      | Found a shimmering altar of Xom.
  4405 | D:4      | Reached skill level 5 in Dodging
  4576 | D:4      | Found a runed door.
  4580 | D:4      | Noticed Crazy Yiuf
  4585 | D:4      | Killed Crazy Yiuf
  4879 | D:6      | Reached skill level 9 in Axes
  5086 | D:7      | Noticed a troll
  5239 | D:6      | Noticed Eustachio
  5306 | D:6      | Killed Eustachio
  5345 | D:6      | Got a jewelled dagger
  5429 | D:6      | Killed an unseen horror
  5429 | D:6      | Reached *** piety under Okawaru
  5429 | D:6      | Reached XP level 9. HP: 75/78 MP: 8/8
  5446 | D:6      | Noticed a hill giant
  5459 | D:6      | Killed a hill giant
  5459 | D:6      | Reached **** piety under Okawaru
  5459 | D:6      | Reached skill level 10 in Axes
  5614 | D:6      | Noticed a four-headed hydra
  5622 | D:7      | Killed a troll
  6048 | D:7      | Reached XP level 10. HP: 88/88 MP: 9/9
  6482 | D:7      | Reached ***** piety under Okawaru
  6811 | D:7      | Found a bloodstained altar of Trog.
  7070 | D:8      | Found a staircase to the Lair.
  7083 | D:8      | Reached skill level 10 in Dodging
  7104 | D:8      | Reached skill level 11 in Axes
  7627 | D:8      | Noticed Gastronok
  7661 | Lair:1   | Entered Level 1 of the Lair of Beasts
  7667 | Lair:1   | Noticed a spiny frog
  7680 | Lair:1   | Killed a spiny frog
  7680 | Lair:1   | Reached XP level 11. HP: 97/97 MP: 10/10
  8238 | Lair:1   | Received a gift from Okawaru
  8247 | Lair:1   | Identified a +0 pair of boots of running (Okawaru gifted it to you on level 1 of the Lair of Beasts)
  8279 | Lair:1   | Identified the +8 dagger "Xyhasm" {antimagic, rC+ Str+3} (You found it on level 6 of the Dungeon)
  8425 | Lair:1   | Got a fine platinum ring
  8427 | Lair:1   | Identified the ring of the Raven {+Inv rElec rPois rC+ Int-4 Stlth+} (You found it on level 1 of the Lair of Beasts)
  8453 | Lair:1   | Reached skill level 10 in Armour
  8631 | Lair:1   | Noticed an ice dragon
  9043 | Lair:2   | Reached skill level 12 in Axes
  9081 | Lair:2   | Reached skill level 10 in Fighting
  9097 | Lair:2   | Noticed a six-headed hydra
  9274 | Lair:2   | HP: 4/99 [11-headed hydra (9)]
  9275 | Lair:2   | Mangled by a 12-headed hydra

Skill      XL: |  1  2  3  4  5  6  7  8  9 10 11 |
---------------+----------------------------------+-----
Axes           | 3 4 5 6 7 8 9 10 11 12 | 12.1
Dodging        | 2 4 7 8 10 11 | 11.3
Fighting       | 4 5 6 7 9 10 | 10.0
Armour         | 4 5 7 8 9 10 | 10.1
Shields        | |  3.6

Action                   |  1- 3 |  4- 6 |  7- 9 | 10-12 || total
-------------------------+-------+-------+-------+-------++-------
Melee: War axe           |    72 |   110 |   240 |   217 ||   639
       Headbutt          |    11 |    20 |    58 |    76 ||   165
       Punch             |       |       |       |     1 ||     1
       Battleaxe         |       |       |       |    35 ||    35
Invok: Heroism           |       |       |       |     3 ||     3
       Finesse           |       |       |       |     1 ||     1
Evoke: Wand              |       |       |    16 |     2 ||    18
  Use: Potion            |       |       |     1 |       ||     1
  Eat: Chunk             |       |     7 |    33 |     9 ||    49
       Fruit             |       |       |     1 |       ||     1
Armor: Scale mail        |    54 |    47 |    71 |       ||   172
       Plate armour      |       |       |    63 |   150 ||   213
Dodge: Dodged            |    49 |    59 |   151 |   224 ||   483
